 Dungeon Crawl Stone Soup version 0.26.1-11-gd32895ea62 (webtiles) character file.

Game seed: 2769467560719675556

301 Zeld the Sneak (level 6, -3/39 HPs)
             Began as an Octopode Brigand on May 23, 2021.
             Slain by nomophobia's ghost (7 damage)
             ... on level 3 of the Dungeon.
             The game lasted 00:03:06 (4125 turns).

Zeld the Sneak (Octopode Brigand)                   Turns: 4125, Time: 00:03:07

Health: -3/39      AC:  1    Str: 12    XL:     6   Next: 37%
Magic:  6/6        EV: 13    Int: 13    God:
Gold:   230        SH:  0    Dex: 14    Spells: 5/5 levels left

rFire    . . .     SeeInvis .   a - +2 dagger
rCold    . . .     Faith    .   (no shield)
rNeg     . . .     Spirit   .   (helmet restricted)
rPois    .         Reflect  .   (no amulet)
rElec    .         Harm     .   (no ring)
rCorr    .         Rampage  .   (no ring)
Will     .....                  (no ring)
Stlth    ++++......             (no ring)
HPRegen  0.13/turn              (no ring)
MPRegen  0.10/turn              (no ring)
                                (no ring)
                                (no ring)

@: no status effects
A: almost no armour, stealthy swim, amphibious, 8 rings, constrict 8, camouflage
1, gelatinous body 1
a: no special abilities


You were on level 3 of the Dungeon.
You visited 1 branch of the dungeon, and saw 3 of its levels.

You collected 230 gold pieces.

Inventory:

Hand Weapons
 a - a +2 dagger (weapon)
Missiles
 b - 21 poisoned darts (quivered)
 c - 6 curare-tipped darts
Jewellery
 f - an uncursed amulet of faith {unknown}
 l - an uncursed amulet of the acrobat {unknown}
 n - an uncursed ring of protection from cold {unknown}
Wands
 t - a wand of flame (16)
Scrolls
 d - 2 scrolls of identify {unknown}
 j - 3 scrolls of remove curse {unknown}
 m - 3 scrolls of fog {unknown}
 o - a scroll of teleportation {unknown}
 p - 2 scrolls of magic mapping {unknown}
 r - a scroll of amnesia {unknown}
 s - a scroll of blinking {unknown}
Potions
 e - 2 potions of might {unknown}
 g - 2 potions of ambrosia {unknown}
 h - a potion of haste {unknown}
 i - 4 potions of flight {unknown}
 k - a potion of mutation {unknown}
 q - 2 potions of degeneration {unknown}


   Skills:
 - Level 2.0 Fighting
 * Level 4.8 Short Blades
 * Level 4.8 Throwing
 - Level 1.0 Dodging
 - Level 5.3 Stealth


You had 5 spell levels left.
You didn't know any spells.
Your spell library was empty.

Dungeon Overview and Level Annotations

Branches:
Dungeon (3/15)

Altars:
Okawaru

Annotations:
D:3 nomophobia's ghost, amateur SpAK


Innate Abilities, Weirdness & Mutations

You cannot wear most types of armour.
You are very stealthy in the water. (Stealth+)
You are amphibious.
You can wear up to eight rings at the same time.
You can use your tentacles to constrict eight enemies at once.
Your skin changes colour to match your surroundings (Stealth+).
Your rubbery body absorbs attacks. (AC +1, EV +1)


Message History

Nomophobia's ghost is severely damaged.
Nomophobia's ghost hits you.
* * * LOW HITPOINT WARNING * * *
Unknown command.
Press: ? - help, v - describe, . - travel
Here: nomophobia's ghost (severely damaged)
An open door.
You closely miss nomophobia's ghost. Your squeeze misses nomophobia's ghost.
Nomophobia's ghost is severely damaged.
Nomophobia's ghost misses you.
Unknown command.
You completely miss nomophobia's ghost. Your squeeze misses nomophobia's ghost.
Nomophobia's ghost is severely damaged.
You barely miss nomophobia's ghost. Your squeeze misses nomophobia's ghost.
Nomophobia's ghost is severely damaged.
Nomophobia's ghost barely misses you.
You hit nomophobia's ghost.
Nomophobia's ghost is severely damaged.
Nomophobia's ghost hits you!
You die...

................##### #......#.#.
..............##...# ####.#.#.##
#.##.###...........## #.#.#.#
#.##.# #....##......# #.#.#.#
#.##.# #.##.##......# #.#.#.##
#.##.###.##.##......# #.......
#.##.....##.##......########.#.#.
..#########.####W#.............#.
####### #....#@###########.###.
#.....# ####.#....# #.# #.# #.
#.###.# #.#########.# #.# #. #.#
#.# #.#.........# #.# #. #.# #.#
#.#.###########.# #. ..# #.#
#.#.............# #. #####.#
#.############### #. ......# #.#
#. .###### #.#################.


You could see nomophobia's ghost.

Vanquished Creatures
  5 wights (D:3)
  3 adders (D:2)
  2 worms
  3 dart slugs
  2 leopard geckos
  5 orcs (D:2)
  9 bats
  3 giant cockroaches
  2 goblins (D:1)
  6 hobgoblins
  6 jackals
  5 frilled lizards
  2 kobolds
  3 rats
56 creatures vanquished.

Notes
Turn   | Place    | Note
-------+----------+-------------------------------------------
     0 | D:1      | Zeld the Octopode Brigand began the quest for the Orb.
     0 | D:1      | Reached XP level 1. HP: 14/14 MP: 1/1
   196 | D:1      | You fall into a shaft and drop 1 floor!
   428 | D:1      | Reached XP level 2. HP: 19/19 MP: 2/2
   728 | D:1      | You fall into a shaft and drop 1 floor!
   744 | D:2      | You fall into a shaft and drop 1 floor!
   745 | D:3      | Noticed a wight
   745 | D:3      | Noticed a wight
   745 | D:3      | Noticed a wight
   745 | D:3      | Noticed a wight
   745 | D:3      | Noticed a wight
   767 | D:3      | Killed a wight
   768 | D:3      | Reached XP level 3. HP: 22/24 MP: 3/3
   777 | D:3      | Reached XP level 4. HP: 9/29 MP: 4/4
  1130 | D:3      | Reached XP level 5. HP: 34/34 MP: 5/5
  1444 | D:3      | HP: 1/33 [wight/+2 great sword (13)]
  2107 | D:2      | Reached XP level 6. HP: 35/39 MP: 6/6
  2981 | D:2      | Found an iron altar of Okawaru.
  3876 | D:3      | Found a large runed translucent door.
  3876 | D:3      | Found a large runed translucent door.
  3876 | D:3      | Noticed nomophobia's ghost (amateur SpAK)
  4125 | D:3      | Slain by nomophobia's ghost

Illustrated notes

Levels and vault maps discovered:
D:1:      minmay_arrival_hallway, layout_basic
D:2:      layout_loops_cross, okawaru_gym_becter
D:3:      layout_basic, ebering_ghost_disaster_area, palyth_stone_intersect

Skill      XL: |  1  2  3  4  5 |
---------------+----------------+-----
Short Blades   | 3 4 |  4.8
Throwing       | 3 4 |  4.8
Fighting       | |  2.0
Dodging        | |  1.0
Stealth        | |  5.3

Action                   |  1- 3 |  4- 6 || total
-------------------------+-------+-------++-------
Melee: Dagger            |    35 |   104 ||   139
       Constrict         |     6 |    19 ||    25
       Tentacles         |     7 |    24 ||    31
 Stab: Sleeping          |     8 |    14 ||    22
Armor: Skin              |     1 |     2 ||     3
Dodge: Dodged            |    24 |    38 ||    62
